EL
PENSACOLA BLUE WAHOOS @ SAN ANTONIO MISSIONS
04/07/2044
 
TOP OF THE 1ST
Pensacola Blue Wahoos batting - Pitching for San Antonio Missions : RHP Bobby Mauk
Pitching: RHP Bobby Mauk
Batting: RHB Solange Le Coq 0-0: Ball
1-0: Foul Ball, location: 2F
1-1: Ground out 6-3 (Groundball, 6, EV 84.4 MPH)
Batting: RHB Tim Wormell 0-0: Called Strike
0-1: Ball
1-1: SINGLE (Line Drive, 89M, EV 110.6 MPH)
Batting: LHB Steven Wamble 0-0: Ball
Tim Wormell is caught stealing 2nd base 2-6
1-0: Ball
2-0: Called Strike
2-1: Ground out U3 (Groundball, 3L, EV 80.0 MPH)
Top of the 1st over - 0 runs, 1 hit, 0 errors, 0 left on base; Pensacola 0 - San Antonio 0
BOTTOM OF THE 1ST
San Antonio Missions batting - Pitching for Pensacola Blue Wahoos : RHP Mikihiro Kawai
Pitching: RHP Mikihiro Kawai
Batting: LHB Tsutomu Miyahara 0-0: Ball
1-0: Ball
2-0: Ball
3-0: Base on Balls
Batting: LHB Javy Portela 0-0: Called Strike
0-1: Ball
Tsutomu Miyahara steals 2nd base (no throw)
1-1: Ball
2-1: Foul Ball, location: 2F
2-2: Fly out, F5 (Popup, 25F, EV 87.5 MPH)
Batting: RHB Rudolf Gommers Balk!
Tsutomu Miyahara to third
0-0: Ball
1-0: Ball
2-0: SINGLE (Line Drive, 8LS, EV 93.8 MPH)
Tsutomu Miyahara scores
Batting: RHB Kyle Davis 0-0: Ball
Rudolf Gommers steals 2nd base
1-0: SINGLE (Flyball, 8LS, EV 95.0 MPH)
Rudolf Gommers to third
Runner from 3rd tries for Home, throw by CF and OUT! 8-2
Kyle Davis to second
Batting: SHB Curtis Thompson 0-0: DOUBLE (Line Drive, 7LM, EV 98.8 MPH)
Kyle Davis scores
Batting: RHB Min-chin Yi 0-0: Called Strike
0-1: Ball
1-1: Swinging Strike
1-2: Foul Ball, location: 2F
1-2: Ball
2-2: TRIPLE (Line Drive, 89XD, EV 101.9 MPH)
Curtis Thompson scores
Batting: LHB Josh Slusarczyk 0-0: Called Strike
0-1: Fly out, F8 (Flyball, 8LM, EV 92.5 MPH)
Bottom of the 1st over - 3 runs, 4 hits, 0 errors, 1 left on base; Pensacola 0 - San Antonio 3
TOP OF THE 2ND
Pensacola Blue Wahoos batting - Pitching for San Antonio Missions : RHP Bobby Mauk
Batting: RHB Jon Marquez 0-0: Called Strike
0-1: Ground out 3-1 (Groundball, 34S, EV 83.8 MPH)
Batting: RHB Pedro Pinero 0-0: Ball
1-0: Foul Ball, location: 2F
1-1: Fly out, F4 (Popup, 34D, EV 72.5 MPH)
Batting: RHB Steve Anderson 0-0: Called Strike
0-1: Ball
1-1: Ground out 4-3 (Groundball, 4, EV 80.0 MPH)
Top of the 2nd over - 0 runs, 0 hits, 0 errors, 0 left on base; Pensacola 0 - San Antonio 3
BOTTOM OF THE 2ND
San Antonio Missions batting - Pitching for Pensacola Blue Wahoos : RHP Mikihiro Kawai
Batting: RHB Scott Schwartz 0-0: Called Strike
0-1: Foul Ball, location: 2F
0-2: Ball
1-2: Foul Ball, location: 2F
1-2: Foul Ball, location: 2F
1-2: Ball
2-2: Foul Ball, location: 2F
2-2: Strikes out swinging
Batting: RHB Nate Burkhalter 0-0: Ball
1-0: Called Strike
1-1: Swinging Strike
1-2: Strikes out looking
Batting: LHB Tsutomu Miyahara 0-0: Ball
1-0: Ball
2-0: Called Strike
2-1: Ball
3-1: Base on Balls
Batting: LHB Javy Portela 0-0: Ball
Tsutomu Miyahara steals 2nd base
1-0: Ball
2-0: Foul Ball, location: 2F
2-1: Foul Ball, location: 2F
2-2: Ground out 3-1 (Groundball, 34, EV 98.1 MPH)
Bottom of the 2nd over - 0 runs, 0 hits, 0 errors, 1 left on base; Pensacola 0 - San Antonio 3
TOP OF THE 3RD
Pensacola Blue Wahoos batting - Pitching for San Antonio Missions : RHP Bobby Mauk
Batting: RHB Danny Powell 0-0: Ball
1-0: Foul Ball, location: 2F
1-1: Swinging Strike
1-2: Ball
2-2: SINGLE (Groundball, 6D, EV 96.2 MPH)
Batting: RHB Chris Holland 0-0: Ball
1-0: Called Strike
1-1: Ball
2-1: Fielders Choice at 2nd, 5-4 (Groundball, 56, EV 81.9 MPH)
Batting: SHB Jared Thomas 0-0: Called Strike
0-1: Foul Ball, location: 2F
0-2: Fielders Choice at 2nd, 6-4 (Groundball, 6, EV 96.2 MPH)
Batting: RHB Solange Le Coq 0-0: Ball
Jared Thomas steals 2nd base
1-0: Foul Ball, location: 2F
1-1: Hit by Pitch
Batting: RHB Tim Wormell 0-0: Called Strike
0-1: Swinging Strike
0-2: Ball
1-2: Fielders Choice at 2nd, 6-4 (Groundball, 6, EV 102.5 MPH)
Top of the 3rd over - 0 runs, 1 hit, 0 errors, 2 left on base; Pensacola 0 - San Antonio 3
BOTTOM OF THE 3RD
San Antonio Missions batting - Pitching for Pensacola Blue Wahoos : RHP Mikihiro Kawai
Batting: RHB Rudolf Gommers 0-0: Called Strike
0-1: Foul Ball, location: 2F
0-2: Ball
1-2: Ground out 6-3 (Groundball, 6MS, EV 71.2 MPH)
Batting: RHB Kyle Davis 0-0: Ball
1-0: Ball
2-0: Ground out 5-3 (Groundball, 56S, EV 82.5 MPH)
Batting: SHB Curtis Thompson 0-0: Ball
1-0: Ball
2-0: Called Strike
2-1: Ball
3-1: Swinging Strike
3-2: Base on Balls
Batting: RHB Min-chin Yi 0-0: Ball
Curtis Thompson steals 2nd base
1-0: Called Strike
1-1: Ball
2-1: Ball
3-1: Called Strike
3-2: Strikes out swinging
Bottom of the 3rd over - 0 runs, 0 hits, 0 errors, 1 left on base; Pensacola 0 - San Antonio 3
TOP OF THE 4TH
Pensacola Blue Wahoos batting - Pitching for San Antonio Missions : RHP Bobby Mauk
Batting: LHB Steven Wamble 0-0: Ground out 4-3 (Groundball, 4, EV 91.9 MPH)
Batting: RHB Jon Marquez 0-0: Ball
1-0: Ball
2-0: Ball
3-0: Called Strike
3-1: Foul Ball, location: 2F
3-2: Ground out 5-3 (Groundball, 56S, EV 68.1 MPH)
Batting: RHB Pedro Pinero 0-0: Ball
1-0: Called Strike
1-1: Swinging Strike
1-2: Fly out, F8 (Flyball, 89D, EV 106.9 MPH)
Top of the 4th over - 0 runs, 0 hits, 0 errors, 0 left on base; Pensacola 0 - San Antonio 3
BOTTOM OF THE 4TH
San Antonio Missions batting - Pitching for Pensacola Blue Wahoos : RHP Mikihiro Kawai
Batting: LHB Josh Slusarczyk 0-0: Ball
1-0: Ball
2-0: Called Strike
2-1: Ball
3-1: SINGLE (Line Drive, 8RS, EV 88.1 MPH)
Batting: RHB Scott Schwartz Pickoff Throw to First - Out! 1-3
0-0: Called Strike
0-1: Ball
1-1: Ball
2-1: SINGLE (Groundball, 6D, EV 99.4 MPH)
Batting: RHB Nate Burkhalter 0-0: Called Strike
Scott Schwartz steals 2nd base
0-1: Called Strike
0-2: Ball
1-2: Fly out, F8 (Flyball, 8RS, EV 87.5 MPH)
Batting: LHB Tsutomu Miyahara 0-0: Ball
1-0: Ball
2-0: Called Strike
2-1: Ball
3-1: Foul Ball, location: 2F
3-2: Base on Balls
Batting: LHB Javy Portela 0-0: Called Strike
0-1: Ball
1-1: Swinging Strike
1-2: Foul Ball, location: 2F
1-2: Strikes out swinging
Bottom of the 4th over - 0 runs, 2 hits, 0 errors, 2 left on base; Pensacola 0 - San Antonio 3
TOP OF THE 5TH
Pensacola Blue Wahoos batting - Pitching for San Antonio Missions : RHP Bobby Mauk
Batting: RHB Steve Anderson 0-0: Ball
1-0: Ground out 6-3 (Groundball, 6, EV 84.4 MPH)
Batting: RHB Danny Powell 0-0: Fly out, F8 (Flyball, 8RM, EV 77.5 MPH)
Batting: RHB Chris Holland 0-0: Foul Ball, location: 2F
0-1: Ball
1-1: Called Strike
1-2: Ball
2-2: Strikes out swinging
Top of the 5th over - 0 runs, 0 hits, 0 errors, 0 left on base; Pensacola 0 - San Antonio 3
BOTTOM OF THE 5TH
San Antonio Missions batting - Pitching for Pensacola Blue Wahoos : RHP Mikihiro Kawai
Batting: RHB Rudolf Gommers 0-0: Swinging Strike
0-1: Ball
1-1: Ball
2-1: Ball
3-1: Base on Balls
Batting: RHB Kyle Davis 0-0: Ball
1-0: Called Strike
1-1: Foul Ball, location: 2F
1-2: Ball
Balk!
Rudolf Gommers to second
2-2: Fly out, F6 (Flyball, 56D, EV 95.0 MPH)
Batting: SHB Curtis Thompson 0-0: Ball
1-0: Called Strike
1-1: Ball
2-1: DOUBLE (Groundball, 3L, EV 105.6 MPH)
Rudolf Gommers scores
Batting: RHB Min-chin Yi 0-0: Called Strike
0-1: Foul Ball, location: 2F
0-2: Foul Ball, location: 2F
0-2: Ball
1-2: Ball
2-2: Strikes out swinging
Batting: LHB Josh Slusarczyk 0-0: Swinging Strike
0-1: Ball
1-1: Ground out U3 (Groundball, 3L, EV 83.1 MPH)
Bottom of the 5th over - 1 run, 1 hit, 0 errors, 1 left on base; Pensacola 0 - San Antonio 4
TOP OF THE 6TH
Pensacola Blue Wahoos batting - Pitching for San Antonio Missions : RHP Bobby Mauk
Batting: SHB Jared Thomas 0-0: Called Strike
0-1: Swinging Strike
0-2: Ground out 3-1 (Groundball, 34S, EV 82.5 MPH)
Batting: RHB Solange Le Coq 0-0: Ball
1-0: Ground out 5-3 (Groundball, 56, EV 81.9 MPH)
Batting: RHB Tim Wormell 0-0: Foul Ball, location: 2F
0-1: Foul Ball, location: 2F
0-2: Ball
1-2: Foul Ball, location: 2F
1-2: Ground out U3 (Groundball, 3, EV 105.6 MPH)
Top of the 6th over - 0 runs, 0 hits, 0 errors, 0 left on base; Pensacola 0 - San Antonio 4
BOTTOM OF THE 6TH
San Antonio Missions batting - Pitching for Pensacola Blue Wahoos : RHP Mikihiro Kawai
Pitching: RHP Brett Cooke
Batting: RHB Scott Schwartz 0-0: Swinging Strike
0-1: Called Strike
0-2: Fly out, F9 (Flyball, 89S, EV 96.2 MPH)
Batting: RHB Nate Burkhalter 0-0: Ball
1-0: Ball
2-0: Fly out, F9 (Flyball, 89M, EV 88.1 MPH)
Batting: LHB Tsutomu Miyahara 0-0: Ball
1-0: Fly out, F9 (Flyball, 9S, EV 88.8 MPH)
Bottom of the 6th over - 0 runs, 0 hits, 0 errors, 0 left on base; Pensacola 0 - San Antonio 4
TOP OF THE 7TH
Pensacola Blue Wahoos batting - Pitching for San Antonio Missions : RHP Bobby Mauk
Batting: LHB Steven Wamble 0-0: Called Strike
0-1: Called Strike
0-2: Foul Ball, location: 2F
0-2: Strikes out swinging
Batting: RHB Jon Marquez 0-0: Ball
1-0: Foul Ball, location: 2F
1-1: SINGLE (Groundball, 56D, EV 111.9 MPH)
Batting: RHB Pedro Pinero 0-0: Called Strike
Jon Marquez steals 2nd base
0-1: Ball
1-1: Foul Ball, location: 2F
1-2: Fly out, F9 (Flyball, 9LS, EV 83.8 MPH)
Batting: RHB Steve Anderson 0-0: Swinging Strike
0-1: Ball
1-1: Called Strike
1-2: Ground out 4-3 (Groundball, 4D, EV 81.9 MPH)
Top of the 7th over - 0 runs, 1 hit, 0 errors, 1 left on base; Pensacola 0 - San Antonio 4
BOTTOM OF THE 7TH
San Antonio Missions batting - Pitching for Pensacola Blue Wahoos : RHP Brett Cooke
Batting: LHB Javy Portela 0-0: Ball
1-0: Swinging Strike
1-1: Ball
2-1: Called Strike
2-2: Strikes out swinging
Batting: RHB Rudolf Gommers 0-0: Ball
1-0: Foul Ball, location: 2F
1-1: Foul Ball, location: 2F
1-2: Ball
2-2: Strikes out swinging
Batting: RHB Kyle Davis 0-0: Foul Ball, location: 2F
0-1: Swinging Strike
0-2: Hit by Pitch
Batting: SHB Curtis Thompson 0-0: Ball
1-0: Ball
2-0: Ball
3-0: Called Strike
3-1: Base on Balls
Kyle Davis to second
Batting: RHB Min-chin Yi 0-0: Called Strike
0-1: Foul Ball, location: 2F
0-2: Foul Ball, location: 2F
0-2: Ball
1-2: Strikes out looking
Bottom of the 7th over - 0 runs, 0 hits, 0 errors, 2 left on base; Pensacola 0 - San Antonio 4
TOP OF THE 8TH
Pensacola Blue Wahoos batting - Pitching for San Antonio Missions : RHP Bobby Mauk
Batting: RHB Danny Powell 0-0: Ball
1-0: Swinging Strike
1-1: Foul Ball, location: 2F
1-2: Ball
2-2: Foul Ball, location: 2F
2-2: Strikes out looking
Batting: RHB Chris Holland 0-0: Ball
1-0: Ground out 5-3 (Groundball, 5L, EV 82.5 MPH)
Batting: SHB Jared Thomas 0-0: Ball
1-0: Called Strike
1-1: Ball
2-1: Ground out 4-3 (Groundball, 4, EV 85.6 MPH)
Top of the 8th over - 0 runs, 0 hits, 0 errors, 0 left on base; Pensacola 0 - San Antonio 4
BOTTOM OF THE 8TH
San Antonio Missions batting - Pitching for Pensacola Blue Wahoos : RHP Brett Cooke
Pitching: RHP Chris Stewart
Batting: LHB Josh Slusarczyk 0-0: Ball
1-0: Called Strike
1-1: Foul Ball, location: 2F
1-2: Strikes out swinging
Batting: RHB Scott Schwartz 0-0: Ball
1-0: Hit by Pitch
Batting: RHB Nate Burkhalter 0-0: Called Strike
Scott Schwartz steals 2nd base
0-1: SINGLE (Flyball, 34D, EV 90.0 MPH)
Scott Schwartz to third
Batting: LHB Tsutomu Miyahara 0-0: Ball
Nate Burkhalter steals 2nd base
1-0: Foul Ball, location: 2F
1-1: Swinging Strike
1-2: Ball
2-2: Ball
3-2: Base on Balls
Batting: LHB Javy Portela 0-0: Ball
1-0: Ball
2-0: Grounds into double play, 5-4-3 (Groundball, 56, EV 105.6 MPH)
Bottom of the 8th over - 0 runs, 1 hit, 0 errors, 2 left on base; Pensacola 0 - San Antonio 4
TOP OF THE 9TH
Pensacola Blue Wahoos batting - Pitching for San Antonio Missions : RHP Bobby Mauk
Batting: RHB Solange Le Coq 0-0: Foul Ball, location: 2F
0-1: Fly out, F8 (Flyball, 8RM, EV 91.2 MPH)
Pitching: RHP Nick Jamison
Batting: RHB Tim Wormell 0-0: SOLO HOME RUN (Flyball, 7D, EV 98.8 MPH), Distance : 375 ft
Batting: LHB Steven Wamble 0-0: Ball
1-0: Ball
2-0: Foul Ball, location: 2F
2-1: Swinging Strike
2-2: Foul Ball, location: 2F
2-2: Ground out 1-3 (Groundball, 13S, EV 68.1 MPH)
Batting: RHB Jon Marquez 0-0: Called Strike
0-1: Ball
1-1: Ball
2-1: Ball
3-1: Base on Balls
Pitching: LHP Ed Valdez
Batting: RHB Pedro Pinero 0-0: Called Strike
0-1: DOUBLE (Line Drive, 9LS, EV 94.4 MPH)
Jon Marquez to third
Pinch Runner at 2nd Tony Diaz:
Batting: RHB Steve Anderson 0-0: Ball
1-0: Foul Ball, location: 2F
1-1: Foul Ball, location: 2F
1-2: Foul Ball, location: 2F
1-2: Ball
2-2: Ball
3-2: Foul Ball, location: 2F
3-2: Foul Ball, location: 2F
3-2: Strikes out swinging
Top of the 9th over - 1 run, 2 hits, 0 errors, 2 left on base; Pensacola 1 - San Antonio 4
Thursday, March 31st , 2022 - OOTP Baseball 22.12 Build 89